[Event "Live Chess"]
[Site "Chess.com"]
[Date "2023.05.20"]
[Round "-"]
[White "WelshTiger"]
[Black "Inglaterra"]
[Result "1-0"]
[WhiteElo "2414"]
[BlackElo "2075"]
[TimeControl "300"]
[EndTime "13:00:46 PDT"]
[Termination "WelshTiger won by resignation"]

1. e4 e5 2. Nf3 Nf6 3. Nc3 Bb4 4.
Nxe5 O-O 5. Be2 Re8 6. Nd3 Bxc3 7. dxc3 Nxe4 8. O-O d5 9. Nf4 c6 10. c4 dxc4 11.
Bxc4 Qxd1 12. Rxd1 Bf5 13. Nd3 Nd7 14. Be3 Nb6 15.
Bb3 Nd5 16. Bxd5 cxd5 17. Bd4 Rac8 18. c3 b6 19. Nf4 Be6 20. Nxe6 fxe6 21. f3 Nd6 22. Re1 Kf7 23. Re2 Rc6 24. a4 a6 25.
g4 Nc4 26. Kg2 e5 27. Bf2 e4 28. Rd1 exf3+ 29. Kxf3 Rxe2 30. Kxe2 Nxb2 31. Rxd5 Nxa4 32.
Rd7+ Kf8 33. Bd4 Nxc3+ 34. Kd3 Nb5 35. Bxg7+ Kg8 36. Rb7 Rc7 37. Rxc7 Nxc7 38. Be5 Ne6 39. Ke4 Kf7 40. h4 h5 41. gxh5 Kg8 42. Kf5 Nc5 43.
Kg6 Ne6 44. Bd6 b5 45. h6 1-0

[Event "Live Chess"]
[Site "Chess.com"]
[Date "2023.05.20"]
[Round "-"]
[White "Stanbad1"]
[Black "boilerboy1"]
[Result "1-0"]
[WhiteElo "2412"]
[BlackElo "1050"]
[TimeControl "300"]
[EndTime "13:00:48 PDT"]
[Termination "Stanbad1 won by checkmate"]

1. d4 Nf6 2. Bg5 g6 3. Bxf6 exf6 4. c4 f5 5. Nc3 Bg7 6. g3 O-O 7. Bg2 c5 8. e3 cxd4 9. exd4 Nc6 10. Nge2 Qa5 11. O-O Qb4 12. Qd3 Qxb2 13. Nd5 Rb8 14. Rfb1 Qa3 15. Qxa3 Nxd4 16. Nxd4 Bxd4 17. Ne7+ Kg7 18. Qd6 Bxa1 19. Qxb8 Bf6 20. Nxc8 d5 21. Bxd5 b6 22. Qb7 Bd4 23. Nd6 Be5 24. Nxf7 Bf6 25. Ng5+ Kh6 26. Qxh7+ Kxg5 27. Qh4# 1-0

[Event "Live Chess"]
[Site "Chess.com"]
[Date "2023.05.20"]
[Round "-"]
[White "ramses-IIG"]
[Black "ProfPoisson"]
[Result "0-1"]
[WhiteElo "822"]
[BlackElo "1063"]
[TimeControl "300"]
[EndTime "13:00:51 PDT"]
[Termination "ProfPoisson won by checkmate"]

1. e4 e5 2. Nf3 Nf6 3. Nxe5 Nxe4 4. Qe2 Qe7 5. Qxe4 d6 6. Qa4+ Bd7 7. Qxd7+ Nxd7 8.
d3 Qxe5+ 9. Kd1 O-O-O 10. f3 Re8 11. Nc3 Qe1# 0-1

[Event "Live Chess"]
[Site "Chess.com"]
[Date "2023.05.20"]
[Round "-"]
[White "zdanevych"]
[Black "DmitryVasliev"]
[Result "0-1"]
[WhiteElo "1522"]
[BlackElo "1681"]
[TimeControl "300"]
[EndTime "13:00:55 PDT"]
[Termination "DmitryVasliev won by resignation"]

1. d4 d6 2. c4 g6 3. e4 Bg7 4. Nc3 h6 5. Nf3 c6 6. h3 Nd7 7. Bd3 a6 8. Be3 b5 9. b3 Bb7 10. Rc1 b4 11. Ne2 c5 12. dxc5 Nxc5 13. O-O Qc7 14.
Nf4 e6 15. Bb1 Nf6 16. Bd2 a5 17. Be3 Nfxe4 18. Bxc5 dxc5 19. Re1 Qxf4 0-1

[Event "Live Chess"]
[Site "Chess.com"]
[Date "2023.05.20"]
[Round "-"]
[White "NAZRIZ1977"]
[Black "OleksiyJr1"]
[Result "1-0"]
[WhiteElo "2073"]
[BlackElo "962"]
[TimeControl "300"]
[EndTime "13:01:00 PDT"]
[Termination "NAZRIZ1977 won by resignation"]

1. d4 d5 2. Nc3 Nf6 3. Bf4 Nc6 4. e3 Bf5 5. Nb5 e6 6. Nxc7+ Ke7 7. Nxa8 Qxa8 8.
Nf3 Qc8 9. Bd3 Qd7 10. Bxf5 Nb4 11. Bd3 Qa4 12. b3 1-0

[Event "Live Chess"]
[Site "Chess.com"]
[Date "2023.05.20"]
[Round "-"]
[White "KeithArkell"]
[Black "friarnator"]
[Result "1-0"]
[WhiteElo "2612"]
[BlackElo "1991"]
[TimeControl "300"]
[EndTime "13:01:07 PDT"]
[Termination "KeithArkell won by resignation"]

1. d4 Nf6 2. Nf3 e6 3. c4 d5 4. cxd5 exd5 5. Nc3 c6 6. Qc2 Be7 7. Bg5 O-O 8. e3 Nbd7 9. Bd3 h6 10. Bh4 Re8 11. O-O Nf8 12. Ne5 N6d7 13. Bxe7 Qxe7 14.
Nxd7 Bxd7 15. b4 a6 16. a4 Bg4 17. b5 Bh5 18. bxa6 bxa6 19. a5 Bg6 20. Na4 Bxd3 21.
Qxd3 Ne6 22. Rfc1 Rec8 23. Nb6 Qa7 24. Nxc8 Rxc8 25. Rab1 c5 26. dxc5 Nxc5 27. Qxd5 1-0

[Event "Live Chess"]
[Site "Chess.com"]
[Date "2023.05.20"]
[Round "-"]
[White "siddu198"]
[Black "Jonmill"]
[Result "0-1"]
[WhiteElo "1603"]
[BlackElo "1253"]
[TimeControl "300"]
[EndTime "13:01:25 PDT"]
[Termination "Jonmill won by resignation"]

1. e4 d6 2. d4 Nf6 3. Nc3 c6 4. f4 Qa5 5. Nf3 Nxe4 6. Bd2 Nxd2 7. Qxd2 Bg4 8. Be2 Nd7 9. h3 Bxf3 10. Bxf3 Nf6 11.
O-O O-O-O 12. Bg4+ Kb8 13. a3 Nxg4 14. hxg4 e5 15.
b4 Qc7 16. dxe5 dxe5 17. Qf2 exf4 18. Qxf4 f6 19. Qxc7+ Kxc7 20. Rae1 Bd6 21. Ne4 Be5 22. g5 fxg5 23. Rf7+ Kc8 24. Nc5 Bd4+ 25. Kh1 Bxc5 26.
bxc5 Rd7 27. Ree7 Rxe7 28. Rxe7 Rg8 29. Kh2 g4 30. Kg3 h5 31. Kh4 b6 32. cxb6 axb6 33.
Kxh5 Rh8+ 34. Kxg4 Rh2 35. Kg3 Rh1 36. Rxg7 Rc1 37. Kf4 Rxc2 38. g4 Rc3 39. g5 Rxa3 40.
g6 Ra1 41. Ke5 Rg1 42. Kd6 c5 43. Kc6 Kd8 44. Kxb6 c4 45. Kc6 c3 46. Kd6 Kc8 47.
Rg8+ Kb7 48. Rg7+ Kb6 49. Rg8 c2 50. Rc8 Rxg6+ 51. Ke5 Rc6 52. Rb8+ Kc5 0-1

[Event "Live Chess"]
[Site "Chess.com"]
[Date "2023.05.20"]
[Round "-"]
[White "MrBlond89"]
[Black "SavagePawn7"]
[Result "1-0"]
[WhiteElo "1319"]
[BlackElo "793"]
[TimeControl "300"]
[EndTime "13:01:44 PDT"]
[Termination "MrBlond89 won by resignation"]

1. e4 d5 2. exd5 Nf6 3. d4 Nxd5 4. Nf3 Bg4 5. Nc3 Nxc3 6. bxc3 e6 7. Be2 Bd6 8. h3 Bxf3 9. Bxf3 O-O 10. Bxb7 Be7 11.
Bxa8 Nc6 12. Bxc6 1-0

[Event "Live Chess"]
[Site "Chess.com"]
[Date "2023.05.20"]
[Round "-"]
[White "JanMur7"]
[Black "FlyingChessKestrel13"]
[Result "0-1"]
[WhiteElo "1943"]
[BlackElo "2129"]
[TimeControl "300"]
[EndTime "13:01:56 PDT"]
[Termination "FlyingChessKestrel13 won by resignation"]

1. e4 e6 2. d4 d5 3. exd5 exd5 4. Bd3 c6 5. Ne2 Nf6 6. O-O Bd6 7. Bf4 O-O 8. c3 Ne4 9. f3 Bxf4 10. Nxf4 Nd6 11. Qc2 h6 12. Nd2 Qg5 13. g3 Nf5 14. Bxf5 Bxf5 15.
Qb3 b6 16. Rfe1 Nd7 17. Qa4 Qf6 18. Re2 a5 19. Rae1 b5 20. Qa3 Rfb8 21. Qe7 b4 22. Qxf6 Nxf6 23. c4 g5 24. Re5 Bh7 25. Ng2 Rd8 26.
c5 Re8 27. Rxe8+ Rxe8 28. Rxe8+ Nxe8 29. Nb3 a4 30. Na5 Bb1 31. Nxc6 Bxa2 32. Nxb4 Bc4 33.
Ne3 Nc7 34. Nxc4 dxc4 35. d5 Kf8 36. d6 Nb5 37. Nd5 Ke8 38. Nf6+ Kd8 39. Nd5 c3 40.
bxc3 a3 41. Nb4 Nxc3 42. Kf2 a2 43. Nxa2 Nxa2 44. Ke3 Kd7 45. Kd4 Nb4 46. Ke5 Nc6+ 47. Kf6 Nd8 48. g4 Kc6 49. Ke7 Nb7 50. d7 Kc7 51. c6 Nd8 52. Ke8 Nxc6 53. Kxf7 Kxd7 54. Kg6 Nd4 55. Kxh6 Nxf3 56. Kh5 Ke6 57. h3 Ke5 58.
Kg6 Kf4 59. Kh5 Kg3 60. h4 gxh4 61. g5 0-1

[Event "Live Chess"]
[Site "Chess.com"]
[Date "2023.05.20"]
[Round "-"]
[White "Ayush_prahlad_Gupta"]
[Black "OceanFloater"]
[Result "0-1"]
[WhiteElo "1764"]
[BlackElo "998"]
[TimeControl "300"]
[EndTime "13:02:05 PDT"]
[Termination "OceanFloater won by checkmate"]

1. f4 c6 2. Nf3 d5 3. e4 dxe4 4. Ng5 h6 5. Nxe4 Nf6 6. Nxf6+ exf6 7. Qe2+ Be7 8. d3 O-O 9. Be3 Re8 10. Nc3 Bc5 11. O-O-O Bxe3+ 12. Kb1 Bb6 13. Qf3 Nd7 14. g4 Re3 15. Qg2 Nf8 16. Ne4 Ng6 17. g5 Nxf4 18.
Qg4 Bxg4 19. Rc1 hxg5 20. h4 Ne2 21. Bxe2 Rxe2 22. hxg5 Be3 23. Rcf1 fxg5 24. Ng3 Rf2 25. Re1 Qe7 26. Ne4 Bf3 27. Rh3 g4 28. Rg3 Rg2 29.
Rxe3 Rxg3 30. Nxg3 Qxe3 31. a3 Qg1+ 32. Ka2 Qxg3 33.
b3 Qf2 34. a4 Bd5 35. Ka3 Qxc2 36. Kb4 Qxb3+ 37. Kc5 Qc3+ 38. Kd6 Rd8+ 39. Kc7 Qa5+ 40. Kxb7 Rd7+ 41. Ka8 Qd8# 0-1

[Event "Live Chess"]
[Site "Chess.com"]
[Date "2023.05.20"]
[Round "-"]
[White "DerbyKnight"]
[Black "Man-Del-Brot"]
[Result "1-0"]
[WhiteElo "1543"]
[BlackElo "1074"]
[TimeControl "300"]
[EndTime "13:02:08 PDT"]
[Termination "DerbyKnight won by checkmate"]

1. e4 e5 2. d4 exd4 3. c3 dxc3 4.
Bc4 Nf6 5. Nxc3 Nc6 6. Nf3 Bb4 7. Qb3 Bxc3+ 8. bxc3 O-O 9. e5 Na5 10. Qa4 Nxc4 11.
Qxc4 Ne8 12. O-O b6 13. Qe4 Rb8 14. Ng5 Bb7 15. Qxh7# 1-0

[Event "Live Chess"]
[Site "Chess.com"]
[Date "2023.05.20"]
[Round "-"]
[White "yarek"]
[Black "raminguy"]
[Result "1-0"]
[WhiteElo "1904"]
[BlackElo "1967"]
[TimeControl "300"]
[EndTime "13:02:16 PDT"]
[Termination "yarek won on time"]

1. e4 e5 2. Nf3 Nc6 3. Bc4 Bc5 4. c3 Nf6 5. d4 exd4 6. e5 d5 7. Bb5 Ne4 8. cxd4 Bb4+ 9. Bd2 Nxd2 10. Nbxd2 O-O 11.
O-O Bg4 12. h3 Bxd2 13. Bxc6 Bxf3 14. Qxd2 Bxg2 15. Bxb7 Bxf1 16. Bxa8 Bxh3 17. Bc6 Qh4 18. Bxd5 Rd8 19. Bf3 Rxd4 20. Qe3 h6 21. Rc1 Rf4 22. Rxc7 Qg5+ 23. Kh2 Be6 24. Bg2 Rh4+ 25. Kg1 Qg6 26. Kf1 Qb1+ 27. Rc1 Bc4+ 28. Kg1 Qg6 29. Qg3 Rg4 30.
Qf3 Qg5 31. Rd1 Be2 32. Rd8+ Kh7 33. Qh3 Qc1+ 34. Kh2 Qc7 35. Rd5 Qe7 36. f3 Rh4 37. f4 Rxh3+ 38. Bxh3 Qe8 39. Bf5+ 1-0

[Event "Live Chess"]
[Site "Chess.com"]
[Date "2023.05.20"]
[Round "-"]
[White "Horseymobile"]
[Black "JormaIbo"]
[Result "1-0"]
[WhiteElo "1202"]
[BlackElo "420"]
[TimeControl "300"]
[EndTime "13:02:16 PDT"]
[Termination "Horseymobile won on time"]

1. d4 d5 2. c4 e6 3. Nc3 Nf6 4. Nf3 c5 5. Bg5 h6 6. Bxf6 Qxf6 7.
cxd5 cxd4 8. Nxd4 exd5 9. Nxd5 Qe5 10. e4 Qxe4+ 11. Ne3 Bb4+ 12. Ke2 Bg4+ 13. f3 Bxf3+ 14. gxf3 Qh4 15. Qa4+ Nd7 16. Qxb4 Rb8 17. Nd5 Qg5 18.
Nc7+ Kd8 19. Nde6+ fxe6 20. Nxe6+ Ke8 21. Nxg5 hxg5 22.
Qe4+ Kd8 23. Rd1 Re8 24. Qxe8+ Kxe8 25. Bh3 Ne5 26. Rhe1 Ng6 27. Kf2+ Kf8 28. Re6 Nf4 29. Bg4 Nxe6 30. Bxe6 Re8 31. Bd5 Rd8 32. Rd3 b6 33. Be4 Re8 34. Rd7 a5 35. Rb7 Re6 36. Rb8+ Ke7 37. Rb7+ Kf6 38. Bd5 Rd6 39. Bb3 a4 40. Bxa4 Rd2+ 41. Ke3 Rxb2 42. Bb3 Rxb3+ 43. axb3 Ke5 44.
Rxb6 Kf5 45. Rb7 1-0

[Event "Live Chess"]
[Site "Chess.com"]
[Date "2023.05.20"]
[Round "-"]
[White "Greenbecker"]
[Black "lateforthesky"]
[Result "0-1"]
[WhiteElo "1626"]
[BlackElo "2103"]
[TimeControl "300"]
[EndTime "13:02:16 PDT"]
[Termination "lateforthesky won by resignation"]

1. e4 c5 2. Nf3 Nf6 3. d4 Nxe4 4. Bd3 d5 5. dxc5 Nxc5 6. Bb5+ Nc6 7. Nc3 e6 8. O-O Be7 9. Ne5 Bd7 10. Nxd7 Nxd7 11.
Qg4 O-O 12. Bh6 Bf6 13. Bd3 Kh8 14. Bd2 g6 15. Rae1 Nde5 16. Qe2 Nxd3 17. Qxd3 Bg7 18. Qg3 Nd4 19. Qd3 Nf5 20. a4 Rc8 21. b3 a6 22.
Ne2 Qc7 23. Bb4 Rfd8 24. c3 a5 25. Ba3 d4 26. c4 e5 27. Ng3 Nxg3 28. hxg3 f5 29.
f3 Re8 30. Bb2 Rcd8 31. Qd2 e4 32. fxe4 fxe4 33. Qf4 Qxf4 34. Rxf4 d3 35. Bxg7+ Kxg7 36. Kf2 e3+ 37. Rxe3 Rxe3 38. Kxe3 d2 0-1

[Event "Live Chess"]
[Site "Chess.com"]
[Date "2023.05.20"]
[Round "-"]
[White "Fazer180"]
[Black "Ferrarifan27"]
[Result "0-1"]
[WhiteElo "1747"]
[BlackElo "2062"]
[TimeControl "300"]
[EndTime "13:02:22 PDT"]
[Termination "Ferrarifan27 won by resignation"]

1. e4 e5 2. Nf3 Nc6 3. d4 exd4 4. Nxd4 Qh4 5. Nc3 Bb4 6. Qd3 Nf6 7. a3 Bxc3+ 8. bxc3 Qxe4+ 9. Be3 Nxd4 10. Qxe4+ Nxe4 11. Bxd4 O-O 12. Bd3 Re8 13. O-O d5 14. Rfe1 Bd7 15. Rab1 b6 16. c4 Nd2 17. Rxe8+ Rxe8 18. Rd1 Nxc4 19. a4 Bxa4 20. h3 c5 21. Ba1 Nd6 22.
Bf1 d4 23. Bd3 g6 24. Kh2 Ne4 25. Kg1 Nc3 26. Bxc3 dxc3 27. Ra1 b5 28. Rb1 c4 29. Bf1 Bxc2 30. Rc1 Bd3 31. Rxc3 Re1 0-1

[Event "Live Chess"]
[Site "Chess.com"]
[Date "2023.05.20"]
[Round "-"]
[White "alanmike75"]
[Black "manthanit"]
[Result "1-0"]
[WhiteElo "1534"]
[BlackElo "1009"]
[TimeControl "300"]
[EndTime "13:02:25 PDT"]
[Termination "alanmike75 won by checkmate"]

1. e4 e6 2. d4 d5 3. e5 c5 4. c3 a6 5. Nf3 b5 6. Be2 c4 7. O-O Be7 8. a3 a5 9. Nbd2 Ba6 10. Re1 Nc6 11. Nf1 h6 12. Ng3 Bg5 13. Nxg5 hxg5 14. Qd2 Nh6 15. Qxg5 Qxg5 16. Bxg5 Kd7 17. f4 Nf5 18.
Nxf5 exf5 19. g4 Rh7 20. gxf5 Rah8 21. h4 Ne7 22. Bg4 Bc8 23. Re2 Ke8 24. Bxe7 Kxe7 25. f6+ gxf6 26. exf6+ Kxf6 27. Bxc8 Rxh4 28. Kf2 Rxf4+ 29.
Kg3 Kg5 30. Bh3 Rf6 31. Re5+ Kh6 32. Bg4 Rg8 33. Rh1+ Kg7 34. Rg5+ Kf8 35. Rxg8+ Kxg8 36. Rh5 Rg6 37. Rxd5 b4 38. Rxa5 bxc3 39. bxc3 Kf8 40. Kf4 Ke7 41. Rc5 Kd6 42. a4 f6 43. a5 Rg7 44. a6 Ra7 45. Ra5 Kc7 46. Bf3 Kb6 47.
Ra4 Kb5 48. Ra1 Kb6 49. Bb7 Kb5 50. Kf5 Kb6 51. Kxf6 Kc7 52. Ke7 Kb8 53. d5 Kc7 54. d6+ Kb8 55. d7 Kc7 56. d8=Q# 1-0

[Event "Live Chess"]
[Site "Chess.com"]
[Date "2023.05.20"]
[Round "-"]
[White "djw60"]
[Black "JohanKjeldahl"]
[Result "1-0"]
[WhiteElo "2117"]
[BlackElo "1818"]
[TimeControl "300"]
[EndTime "13:02:27 PDT"]
[Termination "djw60 won on time"]

1. Nf3 Nf6 2. g3 d5 3. Bg2 c6 4. O-O g6 5. c4 Bg7 6. Qc2 O-O 7.
d3 Nbd7 8. b3 e5 9. Bb2 d4 10.
Nbd2 Qe7 11. e3 dxe3 12. fxe3 b6 13. Rae1 Bb7 14. d4 exd4 15. exd4 Qd6 16. Ne5 Rae8 17. c5 bxc5 18. Ndc4 Qc7 19. dxc5 Nxe5 20. Bxe5 Qd7 21.
Rd1 Nd5 22. Bd6 Qg4 23. Bxf8 Bxf8 24. Rde1 Bxc5+ 25. Kh1 Rxe1 26. Rxe1 Ba6 27. Ne5 Qd4 28. Rd1 Qxe5 29. Qxc5 Qe2 30. Qc1 Ne3 31. Rg1 Nxg2 32. Rxg2 Qf3 33. Kg1 Bb5 34. Rf2 Qd5 35. Qd2 Qe5 36.
Rf4 Qa1+ 37. Kg2 c5 38. Qd8+ Kg7 39. Qd2 Bc6+ 40. Kh3 Qe5 41. Qf2 Qe6+ 42. g4 h5 43. Kg3 hxg4 44. Rxg4 Qe5+ 45. Qf4 Qe1+ 46. Kh3 Bd7 47.
Qg3 Qxg3+ 48. Kxg3 Bxg4 49. Kxg4 f5+ 50. Kf4 1-0

[Event "Live Chess"]
[Site "Chess.com"]
[Date "2023.05.20"]
[Round "-"]
[White "fretle"]
[Black "LL220284LL"]
[Result "0-1"]
[WhiteElo "1850"]
[BlackElo "2401"]
[TimeControl "300"]
[EndTime "13:02:28 PDT"]
[Termination "LL220284LL won by resignation"]

1. f4 Nh6 2. Nf3 d5 3. b3 c6 4. Bb2 Bg4 5. e3 Nf5 6. Bd3 e6 7. Bxf5 Bxf5 8. O-O Nd7 9. d3 Rg8 10. Nbd2 h6 11. h3 g5 12. fxg5 hxg5 13. e4 Bg6 14. Ne5 Nxe5 15. Bxe5 Bd6 16. Bf6 Be7 17. e5 Bxf6 18.
Rxf6 Qb6+ 19. Kh2 O-O-O 20. Qe2 g4 21. a4 gxh3 22. g3 Bf5 23. a5 Qc7 24. b4 Rg7 25. Rb1 Rdg8 26. Nf1 c5 27. Qf2 Qxe5 28. Qxc5+ Kb8 29.
Rxf5 exf5 30. Qf2 f4 0-1

[Event "Live Chess"]
[Site "Chess.com"]
[Date "2023.05.20"]
[Round "-"]
[White "Wild_Tiger"]
[Black "EdenHazard8"]
[Result "0-1"]
[WhiteElo "1056"]
[BlackElo "2084"]
[TimeControl "300"]
[EndTime "13:02:29 PDT"]
[Termination "EdenHazard8 won on time"]

1. d4 e5 2. e3 exd4 3. exd4 d5 4.
Nf3 Nf6 5. Bg5 c6 6. Bd3 Be7 7.
O-O O-O 8. Nbd2 h6 9. Bxf6 Bxf6 10. Ne5 Re8 11. Ndf3 Qb6 12. b3 Nd7 13. Re1 Nf8 14.
c3 Be6 15. a4 a5 16. h3 c5 17. Bb5 Rec8 18. Nh2 cxd4 19. cxd4 Bxe5 20. Rxe5 Ng6 21.
Re3 Rc7 22. Ng4 Rac8 23. Kh2 Qd6+ 24. Ne5 f6 25. Rg3 Nxe5 26. dxe5 fxe5 27. Qd2 Bf7 28.
Bc4 Qc6 29. Bxd5 Qxd5 30. Qxh6 Be6 31. Qg6 Qd7 32. Rb1 Qf7 33. Qg5 e4 34. Qe3 Rc3 35. Qxc3 Rxc3 36. Rxc3 Bd5 37. Rc8+ Kh7 0-1

[Event "Live Chess"]
[Site "Chess.com"]
[Date "2023.05.20"]
[Round "-"]
[White "blunderabit"]
[Black "EdvancedChess"]
[Result "0-1"]
[WhiteElo "1878"]
[BlackElo "1898"]
[TimeControl "300"]
[EndTime "13:02:37 PDT"]
[Termination "EdvancedChess won on time"]

1. e4 e5 2. Nf3 Nc6 3. Bb5 Nf6 4. O-O Nxe4 5. Re1 Nd6 6. a4 Be7 7. Nc3 O-O 8. d4 exd4 9. Nd5 Bf6 10. Nxf6+ Qxf6 11. Bg5 Qg6 12. Bd3 Qh5 13. Bf4 Nf5 14. Bxc7 d5 15. Ne5 Qxd1 16. Raxd1 Be6 17. Nf3 Rac8 18. Bf4 Rfe8 19. g4 Nfe7 20. h3 Ng6 21. Bd2 a6 22. Ng5 Bd7 23. Nf3 Nge5 24. Kg2 Nxd3 25. cxd3 Ne7 26.
Nxd4 Bxa4 27. Rc1 Nc6 28. Nf5 Bb5 29. Nd6 Rxe1 30. Rxe1 Rd8 31. Nxb5 axb5 32. Bf4 f6 33. Bc7 Rd7 34. Bb6 Kf7 35. f4 Nb4 36. d4 Nc6 37.
Bc5 Na5 38. f5 Nc4 39. Re2 b6 0-1

[Event "Live Chess"]
[Site "Chess.com"]
[Date "2023.05.20"]
[Round "-"]
[White "Richardallis"]
[Black "viktorskliarov"]
[Result "0-1"]
[WhiteElo "1780"]
[BlackElo "2653"]
[TimeControl "300"]
[EndTime "13:02:41 PDT"]
[Termination "viktorskliarov won by resignation"]

1. d4 Nf6 2. Nf3 g6 3. Bf4 Bg7 4. c3 O-O 5. Nbd2 d5 6. e3 b6 7.
Be2 c5 8. O-O Nc6 9. Re1 Bf5 10.
Rc1 Nh5 11. Nf1 Nxf4 12. exf4 cxd4 13. Nxd4 Nxd4 14. cxd4 Qd6 15. Qd2 Rac8 16. g3 Rxc1 17. Rxc1 Rc8 18. Rxc8+ Bxc8 19. Ne3 h5 20. a3 Qc6 21.
Qc3 Qxc3 22. bxc3 e6 23. Bb5 a6 24. Bc6 Kf8 25. Kf1 Ke7 26. Ke2 Bd7 27. Bxd7 Kxd7 28.
Kd3 Kc6 29. Kc2 Bf8 30. Kb3 Kb5 31. a4+ Kc6 32. Nc2 a5 33. Ne1 b5 34. Nd3 f6 35. f3 Bd6 36. g4 h4 37. h3 f5 38. g5 Kb6 39. Ne5 Bxe5 40. fxe5 Ka6 41. f4 Kb6 42. Ka3 Kc6 43. Kb3 bxa4+ 44. Kxa4 Kb6 45.
Ka3 Kb5 46. Kb3 a4+ 47. Ka3 Kc4 48. Kxa4 Kxc3 49. Kb5 Kxd4 50. Kc6 Ke4 51. Kd6 d4 52. Kxe6 d3 53. Kf7 d2 54. e6 d1=Q 55. e7 Qd7 56. Kf8 Kxf4 57. e8=Q Qxe8+ 58. Kxe8 Kxg5 59. Kf7 f4 60. Kg7 f3 61. Kh7 f2 62. Kh8 f1=Q 63. Kh7 Qxh3 64. Kg7 Qd7+ 0-1

[Event "Live Chess"]
[Site "Chess.com"]
[Date "2023.05.20"]
[Round "-"]
[White "PureMellowPlan"]
[Black "LaupMiths"]
[Result "0-1"]
[WhiteElo "615"]
[BlackElo "1804"]
[TimeControl "300"]
[EndTime "13:02:43 PDT"]
[Termination "LaupMiths won by checkmate"]

1. e4 c5 2. Bc4 e6 3. Nf3 a6 4.
O-O b5 5. Bd3 Bb7 6. Nc3 g6 7.
Be2 Bg7 8. b3 Nc6 9. Bb2 Nge7 10. Bd3 O-O 11. Rb1 d5 12. exd5 exd5 13. Ne2 d4 14. c3 Nf5 15. Bxf5 gxf5 16. cxd4 Nb4 17.
dxc5 Bxf3 18. Bxg7 Kxg7 19. gxf3 Rg8 20. Kh1 Nd3 21.
Rg1+ Kf8 22. Rxg8+ Kxg8 23. Qg1+ Kh8 24. a3 Qd5 25. a4 Rg8 26. Qf1 Qxf3+ 27. Qg2 Qxg2# 0-1

[Event "Live Chess"]
[Site "Chess.com"]
[Date "2023.05.20"]
[Round "-"]
[White "KING_BOBBB"]
[Black "SirEntrails"]
[Result "1-0"]
[WhiteElo "554"]
[BlackElo "537"]
[TimeControl "300"]
[EndTime "13:02:48 PDT"]
[Termination "KING_BOBBB won by checkmate"]

1. e4 d5 2. e5 Nc6 3. d4 f6 4.
f4 fxe5 5. fxe5 e6 6. Nf3 Bb4+ 7. c3 Be7 8. Bb5 Qd7 9. O-O Nh6 10. Bxh6 gxh6 11.
b3 a6 12. Bxc6 Qxc6 13. g3 Bg5 14. h4 Be3+ 15. Kg2 Bd7 16. Re1 Bxd4 17. Qxd4 O-O-O 18. Qa7 Be8 19. Qa8+ Kd7 20. Qa7 Bh5 21. Nd4 Qxc3 22.
Nxc3 Rhf8 23. Qxb7 Rc8 24. Qc6+ Kd8 25. Nxe6+ Ke7 26. Nxd5+ Kf7 27. Qd7+ Kg6 28. Qg7+ Kf5 29. Nd4# 1-0

[Event "Live Chess"]
[Site "Chess.com"]
[Date "2023.05.20"]
[Round "-"]
[White "flyingpuffins"]
[Black "LiamClery2020"]
[Result "0-1"]
[WhiteElo "1952"]
[BlackElo "2079"]
[TimeControl "300"]
[EndTime "13:02:57 PDT"]
[Termination "LiamClery2020 won on time"]

1. e4 Nf6 2. Nc3 e5 3. f4 d5 4. fxe5 Nxe4 5. Qf3 Nc6 6. Bb5 Nxc3 7. dxc3 Qh4+ 8. g3 Qe4+ 9. Qxe4 dxe4 10. Ne2 Bd7 11. Bf4 Nxe5 12. Bxd7+ Nxd7 13. Bxc7 Bc5 14. O-O-O Rc8 15.
Bf4 Nf6 16. Nd4 O-O 17. Rhe1 Rfe8 18. Bg5 Ng4 19. h3 Nf2 20. Rd2 e3 21. Rxe3 Ne4 22. Rde2 f5 23. g4 g6 24. gxf5 gxf5 25. Bf4 Kf7 26.
Rf3 Nxc3 27. Rxe8 Nxa2+ 28. Kb1 Rxe8 29. Nxf5 Kg6 30. Kxa2 Kxf5 31. Rf1 Kg6 32. Kb3 b5 33.
Bd2 Re4 34. Bc3 Bd4 35. Bxd4 Rxd4 36. Rf3 a5 37. c3 a4+ 38. Kc2 Rh4 39. Rg3+ Kf7 40.
b3 a3 41. Kb1 Rf4 42. Ka2 Rf2+ 43. Kxa3 Rf1 44. Kb4 Rf5 45. c4 bxc4 46. bxc4 Rf1 47. Kc3 Rc1+ 48. Kd4 Rd1+ 49. Kc5 Ke6 50. Rf3 Ra1 51.
Rg3 Ra5+ 52. Kd4 Ra1 53. Kc3 Ra3+ 54. Kb4 Rxg3 0-1

[Event "Live Chess"]
[Site "Chess.com"]
[Date "2023.05.20"]
[Round "-"]
[White "Bob2pen"]
[Black "Jo1ts"]
[Result "1-0"]
[WhiteElo "1824"]
[BlackElo "730"]
[TimeControl "300"]
[EndTime "13:03:06 PDT"]
[Termination "Bob2pen won by resignation"]

1. c4 d5 2. g3 dxc4 3. Bg2 e5 4. a4 Nf6 5. Nf3 Nc6 6. O-O Bc5 7. Na3 Be6 8. Ng5 Qd6 9. Nb5 Qd7 10.
Nxe6 fxe6 11. Qc2 a6 12. Qxc4 axb5 13. Qxc5 bxa4 14. b3 b6 15. Qxc6 Qxc6 16. Bxc6+ 1-0

[Event "Live Chess"]
[Site "Chess.com"]
[Date "2023.05.20"]
[Round "-"]
[White "FunSingingHawk"]
[Black "Tushinskiy"]
[Result "0-1"]
[WhiteElo "1196"]
[BlackElo "2107"]
[TimeControl "300"]
[EndTime "13:03:07 PDT"]
[Termination "Tushinskiy won on time"]

1. e4 e5 2. Nf3 d6 3. Nc3 Bg4 4. h3 Bh5 5. Bb5+ c6 6. Ba4 Nd7 7.
d3 Ngf6 8. Be3 Be7 9. O-O O-O 10. b3 b5 11. Nxb5 cxb5 12. Bxb5 Nc5 13. d4 exd4 14.
Bxd4 Ncxe4 15. Bc4 d5 16. Nd2 Bxd1 17. Rfxd1 Nxd2 18. Rxd2 dxc4 19. bxc4 Qc7 20. Rc1 Qxc4 21. Rdd1 Rad8 22.
Rd2 Rxd4 23. Rxd4 Qxd4 24. Rd1 Qxd1+ 25. Kh2 Bd6+ 0-1

[Event "Live Chess"]
[Site "Chess.com"]
[Date "2023.05.20"]
[Round "-"]
[White "KuriyamaMiraiUA"]
[Black "reshmiramachandran"]
[Result "1-0"]
[WhiteElo "687"]
[BlackElo "510"]
[TimeControl "300"]
[EndTime "13:03:15 PDT"]
[Termination "KuriyamaMiraiUA won by checkmate"]

1. d4 d5 2. c4 e6 3. Nc3 dxc4 4. e4 Nc6 5. Nf3 Nf6 6. Bxc4 Bb4 7. Bd3 Nxd4 8. Nxd4 Qxd4 9. Bb5+ c6 10. Qxd4 Bxc3+ 11. Qxc3 cxb5 12. Qb4 a5 13. Qxb5+ Bd7 14. Qxb7 O-O 15. e5 Rab8 16. Qa6 Nd5 17. Qxa5 Nb4 18. O-O Nc2 19. Rb1 Bb5 20. Rd1 Rfc8 21. a4 Be2 22.
Rd2 Bh5 23. b3 Bg6 24. Ba3 Nxa3 25. Rbd1 h6 26. Rd8+ Rxd8 27. Rxd8+ Rxd8 28. Qxd8+ Kh7 29. a5 Nb5 30. Qb6 Nc3 31. a6 Nd5 32. Qb7 Be4 33.
a7 Nc3 34. Qxe4+ Nxe4 35. a8=Q Nc5 36. b4 Ne4 37. Qxe4+ Kg8 38. b5 Kf8 39. b6 Ke8 40.
Qc6+ Ke7 41. b7 f5 42. b8=Q Kf7 43. Qce8# 1-0

[Event "Live Chess"]
[Site "Chess.com"]
[Date "2023.05.20"]
[Round "-"]
[White "Lewstar1"]
[Black "therealab0ne"]
[Result "0-1"]
[WhiteElo "453"]
[BlackElo "704"]
[TimeControl "300"]
[EndTime "13:03:18 PDT"]
[Termination "therealab0ne won by checkmate"]

1. e4 c5 2. Nf3 Nc6 3. Nc3 Nf6 4. Bc4 e6 5. b3 d5 6. exd5 exd5 7. Be2 d4 8. Na4 Bd6 9. Bc4 O-O 10. O-O Rb8 11.
Re1 b5 12. Bxb5 Rxb5 13. Nb2 Bf5 14. Nh4 Ne7 15. Nxf5 Nxf5 16. Qf3 Re8 17. Rxe8+ Qxe8 18. h3 Qe1# 0-1

[Event "Live Chess"]
[Site "Chess.com"]
[Date "2023.05.20"]
[Round "-"]
[White "GEMdzq"]
[Black "Missedidea"]
[Result "0-1"]
[WhiteElo "2255"]
[BlackElo "1739"]
[TimeControl "300"]
[EndTime "13:03:25 PDT"]
[Termination "Missedidea won on time"]

1. e4 c5 2. d4 cxd4 3. c3 dxc3 4. Nxc3 Nc6 5. Bc4 e6 6. Nf3 a6 7. O-O d6 8. Qe2 Bd7 9. Rd1 b5 10. Bb3 Qb8 11. Bf4 Ne5 12. Rd2 Nf6 13. Rad1 Be7 14. Bg5 Bc6 15. Nd4 Bb7 16. f4 Nc6 17. e5 Nxd4 18.
Rxd4 dxe5 19. fxe5 Nd5 20. Bxe7 Nxe7 21. Qg4 O-O 22.
Qg5 Nf5 23. Rg4 Qa7+ 24. Kh1 h6 25. Qf4 Ne3 26. Rxg7+ Kxg7 27. Qf6+ Kh7 28. Rg1 Rad8 29. Nd1 Rxd1 30. Bxd1 Qd4 31. Bh5 Ng4 32. Bxg4 Qxg4 33. Qe7 Qg7 34. Qxb7 Qxe5 35. Qxa6 Rg8 36. Qb7 Qf5 37. Qc6 Rg5 38. Rc1 Rh5 39. Kg1 Kg6 40. Qc2 Qxc2 41. Rxc2 Rd5 42. Kf2 e5 43. g3 f5 44. Ke3 Kg5 45. h3 h5 46. Rc8 f4+ 47. gxf4+ exf4+ 48. Ke4 Rd2 49. Rg8+ Kf6 50. Kxf4 Rxb2 51.
Rh8 Rxa2 52. Rxh5 Ra4+ 53. Kf3 Rb4 54. Rc5 Rb3+ 0-1